TOP OF THE 1ST |
Sun Prairie Swallows batting - Pitching for Asheville Highlanders : RHP Edgardo Nava
|
Pitching: RHP Edgardo Nava
|
|
Batting: RHB José Silva
|
0-0: Ground out 4-3 (Groundball, 4M)
|
Batting: RHB Darby Carveth
|
0-0: Ball 1-0: Ball 2-0: Foul Ball, location: 2F 2-1: Swinging Strike 2-2: TRIPLE (Flyball, 9LM)
|
Batting: RHB Luis Hernández
|
0-0: Ball 1-0: Fly out, F8 (Flyball, 8RXD) Runner from 3rd tags up, SCORES, no throw
|
Batting: LHB Willis Baker
|
0-0: Called Strike 0-1: Foul Ball, location: 2F 0-2: Strikes out swinging
|
Top of the 1st over - 1 run(s), 1 hit(s), 0 error(s), 0 left on base; Sun Prairie 1 - Asheville 0 |
BOTTOM OF THE 1ST |
Asheville Highlanders batting - Pitching for Sun Prairie Swallows : RHP Ernest Gunter
|
Pitching: RHP Ernest Gunter
|
|
Batting: SHB Craig Barnes
|
0-0: Ball 1-0: Ball 2-0: Ball 3-0: Called Strike 3-1: Base on Balls
|
Batting: LHB Víctor Robledo
|
0-0: Ball 1-0: Ball 2-0: Called Strike 2-1: Called Strike 2-2: SINGLE (Line Drive, 6D) Craig Barnes to second Craig Barnes to third
|
Batting: RHB Bryce Bancroft
|
0-0: Ball 1-0: Called Strike 1-1: Ball 2-1: Ball 3-1: SINGLE (Flyball, 4D) Craig Barnes scores Víctor Robledo to second Runner from 2nd tries for 3rd, SAFE, throw made to third Bryce Bancroft to second
|
Batting: RHB Víctor López
|
0-0: Called Strike 0-1: Ball 1-1: SINGLE (Line Drive, 89S) Víctor Robledo scores Bryce Bancroft to third
|
Batting: RHB Corey Vaughn
|
0-0: Fly out, F4 (Popup, 4D)
|
Batting: LHB António Ramos
|
0-0: Ball Víctor López steals 2nd base 1-0: Ball 2-0: Foul Ball, location: 2F 2-1: Called Strike 2-2: Foul Ball, location: 2F 2-2: Strikes out swinging
|
Batting: RHB Claudio Torres
|
0-0: Called Strike 0-1: Called Strike 0-2: Ball 1-2: Foul Ball, location: 2F 1-2: Hit by Pitch
|
Batting: RHB Paco Vásquez
|
0-0: Called Strike 0-1: Fly out, F2 (Popup, 25F)
|
Bottom of the 1st over - 2 run(s), 3 hit(s), 0 error(s), 3 left on base; Sun Prairie 1 - Asheville 2 |
TOP OF THE 2ND |
Sun Prairie Swallows batting - Pitching for Asheville Highlanders : RHP Edgardo Nava
|
Batting: RHB John Townsend
|
0-0: Foul Ball, location: 2F 0-1: Called Strike 0-2: Reached on error, E6 (Groundball, 6)
|
Batting: RHB Ghislain Vespucci
|
0-0: Called Strike 0-1: Ball 1-1: Called Strike 1-2: Ball 2-2: Foul Ball, location: 2F 2-2: Ball 3-2: Foul Ball, location: 2F 3-2: Base on Balls John Townsend to second
|
Batting: RHB Alfonso López
|
0-0: Ball 1-0: Foul Ball, location: 2F 1-1: Foul Ball, location: 2F 1-2: Ball 2-2: Foul Ball, location: 2F 2-2: DOUBLE (Line Drive, 5D) John Townsend scores Ghislain Vespucci to third
|
Batting: RHB Reece White
|
0-0: Ball Wild Pitch! Ghislain Vespucci scores Alfonso López to third 1-0: Ball 2-0: Ball 3-0: Base on Balls
|
Batting: SHB Aurelio Costello
|
0-0: Ball 1-0: Ball 2-0: Called Strike 2-1: Ball 3-1: DOUBLE (Flyball, 89M) Alfonso López scores Reece White to third Runner from 3rd tries for Home, SAFE, no throw or cutoff
|
Batting: RHB José Silva
|
0-0: Called Strike 0-1: Fly out, F8 (Flyball, 8RM)
|
Batting: RHB Darby Carveth
|
0-0: Called Strike 0-1: Swinging Strike 0-2: Ball 1-2: Fly out, F9 (Popup, 34D)
|
Batting: RHB Luis Hernández
|
0-0: Fly out, F9 (Line Drive, 89S)
|
Top of the 2nd over - 4 run(s), 2 hit(s), 1 error(s), 1 left on base; Sun Prairie 5 - Asheville 2 |
BOTTOM OF THE 2ND |
Asheville Highlanders batting - Pitching for Sun Prairie Swallows : RHP Ernest Gunter
|
Batting: RHB José Rivera
|
0-0: Fly out, F8 (Flyball, 8RM)
|
Batting: SHB Craig Barnes
|
0-0: Ball 1-0: Foul Ball, location: 2F 1-1: Ground out 6-3 (Groundball, 56)
|
Batting: LHB Víctor Robledo
|
0-0: Reached on error, E3 (Groundball, 3)
|
Batting: RHB Bryce Bancroft
|
0-0: Fly out, F8 (Flyball, 8RS)
|
Bottom of the 2nd over - 0 run(s), 0 hit(s), 1 error(s), 1 left on base; Sun Prairie 5 - Asheville 2 |
TOP OF THE 3RD |
Sun Prairie Swallows batting - Pitching for Asheville Highlanders : RHP Edgardo Nava
|
Batting: LHB Willis Baker
|
0-0: Swinging Strike 0-1: Called Strike 0-2: Ball 1-2: Ground out 4-3 (Groundball, 4)
|
Batting: RHB John Townsend
|
0-0: Called Strike 0-1: SINGLE (Groundball, 6MD)
|
Batting: RHB Ghislain Vespucci
|
0-0: Fly out, F7 (Line Drive, 7LM)
|
Batting: RHB Alfonso López
|
0-0: Ball 1-0: Ball 2-0: Called Strike 2-1: Foul Ball, location: 2F 2-2: Ground out 4-3 (Groundball, 4)
|
Top of the 3rd over - 0 run(s), 1 hit(s), 0 error(s), 1 left on base; Sun Prairie 5 - Asheville 2 |
BOTTOM OF THE 3RD |
Asheville Highlanders batting - Pitching for Sun Prairie Swallows : RHP Ernest Gunter
|
Batting: RHB Víctor López
|
0-0: Called Strike 0-1: Swinging Strike 0-2: Ball 1-2: Ball 2-2: Fly out, F8 (Line Drive, 8LM)
|
Batting: RHB Corey Vaughn
|
0-0: Fly out, F2 (Popup, 2LF)
|
Batting: LHB António Ramos
|
0-0: Called Strike 0-1: Ball 1-1: Called Strike 1-2: Ball 2-2: Ball 3-2: Foul Ball, location: 2F 3-2: Base on Balls
|
Batting: RHB Claudio Torres
|
0-0: Ball 1-0: Ball 2-0: Ball 3-0: Base on Balls António Ramos to second
|
Batting: RHB Paco Vásquez
|
0-0: Ball 1-0: Foul Ball, location: 2F 1-1: SINGLE (Groundball, 6MD) (infield hit) António Ramos to third Claudio Torres to second
|
Batting: RHB José Rivera
|
0-0: Called Strike 0-1: Swinging Strike 0-2: Ball 1-2: Strikes out swinging
|
Bottom of the 3rd over - 0 run(s), 1 hit(s), 0 error(s), 3 left on base; Sun Prairie 5 - Asheville 2 |
TOP OF THE 4TH |
Sun Prairie Swallows batting - Pitching for Asheville Highlanders : RHP Edgardo Nava
|
Batting: RHB Reece White
|
0-0: Ground out 4-3 (Groundball, 4S)
|
Batting: SHB Aurelio Costello
|
0-0: Fly out, F7 (Line Drive, 7S)
|
Batting: RHB José Silva
|
0-0: Foul Ball, location: 2F 0-1: Swinging Strike 0-2: Foul Ball, location: 2F 0-2: Ball 1-2: Strikes out swinging
|
Top of the 4th over - 0 run(s), 0 hit(s), 0 error(s), 0 left on base; Sun Prairie 5 - Asheville 2 |
BOTTOM OF THE 4TH |
Asheville Highlanders batting - Pitching for Sun Prairie Swallows : RHP Ernest Gunter
|
Batting: SHB Craig Barnes
|
0-0: Called Strike 0-1: Ball 1-1: Called Strike 1-2: Foul Ball, location: 2F 1-2: SINGLE (Line Drive, 7S)
|
Batting: LHB Víctor Robledo
|
0-0: Ball 1-0: SINGLE (Line Drive, 4MD) Craig Barnes to second
|
Batting: RHB Bryce Bancroft
|
0-0: Ball 1-0: Foul Ball, location: 2F 1-1: Foul Ball, location: 2F 1-2: Foul Ball, location: 2F 1-2: Ball 2-2: DOUBLE (Line Drive, 5L) Craig Barnes scores Víctor Robledo to third
|
Batting: RHB Víctor López
|
0-0: Fly out, F9 (Flyball, 89D) Runner from 3rd tags up, SCORES, no throw
|
Batting: RHB Corey Vaughn
|
0-0: SINGLE (Groundball, 56D) (infield hit) Bryce Bancroft to third
|
Batting: LHB António Ramos
|
0-0: Foul Ball, location: 2F 0-1: Swinging Strike 0-2: Grounds into double play, 4-6-3 (Groundball, 34)
|
Bottom of the 4th over - 2 run(s), 4 hit(s), 0 error(s), 1 left on base; Sun Prairie 5 - Asheville 4 |
TOP OF THE 5TH |
Sun Prairie Swallows batting - Pitching for Asheville Highlanders : RHP Edgardo Nava
|
Batting: RHB Darby Carveth
|
0-0: Ball 1-0: Called Strike 1-1: Ball 2-1: Fly out, F3 (Popup, 3SF)
|
Batting: RHB Luis Hernández
|
0-0: Ball 1-0: Foul Ball, location: 2F 1-1: Fly out, F9 (Line Drive, 9M)
|
Batting: LHB Willis Baker
|
0-0: Ball 1-0: Called Strike 1-1: Called Strike 1-2: Strikes out swinging
|
Top of the 5th over - 0 run(s), 0 hit(s), 0 error(s), 0 left on base; Sun Prairie 5 - Asheville 4 |
BOTTOM OF THE 5TH |
Asheville Highlanders batting - Pitching for Sun Prairie Swallows : RHP Ernest Gunter
|
Batting: RHB Claudio Torres
|
0-0: Ball 1-0: Called Strike 1-1: Ball 2-1: Ball 3-1: Base on Balls
|
Batting: RHB Paco Vásquez
|
0-0: Ball 1-0: Bunted foul 1-1: Ball 2-1: Bunted foul 2-2: Foul Ball, location: 2F 2-2: Foul Ball, location: 2F 2-2: Foul Ball, location: 2F 2-2: Foul Ball, location: 2F 2-2: Ball 3-2: Base on Balls Claudio Torres to second
|
Pitching: RHP Horacio Pérez
|
|
Batting: RHB José Rivera
|
0-0: Ball 1-0: Bunted foul 1-1: Ball 2-1: Sac Bunt - play at first, batter OUT! 1-4 Claudio Torres to third Paco Vásquez to second
|
Batting: SHB Craig Barnes
|
0-0: Ball 1-0: Called Strike 1-1: Ball 2-1: Ball 3-1: Fly out, F8 (Flyball, 8LS)
|
Batting: LHB Víctor Robledo
|
0-0: Ball 1-0: Ground out 1-3 (Groundball, 15)
|
Bottom of the 5th over - 0 run(s), 0 hit(s), 0 error(s), 2 left on base; Sun Prairie 5 - Asheville 4 |
TOP OF THE 6TH |
Sun Prairie Swallows batting - Pitching for Asheville Highlanders : RHP Edgardo Nava
|
Batting: RHB John Townsend
|
0-0: Called Strike 0-1: Ball 1-1: Fly out, F8 (Line Drive, 8LM)
|
Batting: RHB Ghislain Vespucci
|
0-0: Ball 1-0: Ball 2-0: Ball 3-0: Called Strike 3-1: Called Strike 3-2: Foul Ball, location: 2F 3-2: Ground out 6-3 (Groundball, 6)
|
Batting: RHB Alfonso López
|
0-0: Ball 1-0: Ball 2-0: Foul Ball, location: 2F 2-1: Foul Ball, location: 2F 2-2: Fly out, F9 (Flyball, 89M)
|
Top of the 6th over - 0 run(s), 0 hit(s), 0 error(s), 0 left on base; Sun Prairie 5 - Asheville 4 |
BOTTOM OF THE 6TH |
Asheville Highlanders batting - Pitching for Sun Prairie Swallows : RHP Horacio Pérez
|
Batting: RHB Bryce Bancroft
|
0-0: Ball 1-0: Ball 2-0: Ball 3-0: Base on Balls
|
Batting: RHB Víctor López
|
0-0: Ball 1-0: Swinging Strike 1-1: Swinging Strike 1-2: Ball 2-2: Strikes out swinging
|
Batting: RHB Corey Vaughn
|
0-0: Ball 1-0: Ball 2-0: Grounds into double play, 5-4-3 (Groundball, 56)
|
Bottom of the 6th over - 0 run(s), 0 hit(s), 0 error(s), 0 left on base; Sun Prairie 5 - Asheville 4 |
TOP OF THE 7TH |
Sun Prairie Swallows batting - Pitching for Asheville Highlanders : RHP Edgardo Nava
|
Batting: RHB Reece White
|
0-0: Called Strike 0-1: Ball 1-1: Swinging Strike 1-2: Ball 2-2: DOUBLE (Line Drive, 8RM)
|
Pinch Hitting: RHB Orlando Sánchez
|
0-0: Intentional Walk
|
Batting: RHB José Silva
|
0-0: Bunted foul 0-1: Sac Bunt - play at first, batter OUT! 5-4 Reece White to third Orlando Sánchez to second
|
Pinch Hitting: LHB Jim Unknown
|
0-0: Called Strike 0-1: Ball 1-1: Ball 2-1: Foul Ball, location: 2F 2-2: Foul Ball, location: 2F 2-2: Foul Ball, location: 2F 2-2: DOUBLE (Flyball, 89D) Reece White scores Orlando Sánchez scores
|
Pitching: RHP Octávio Ayaly
|
|
Batting: RHB Luis Hernández
|
0-0: Ball 1-0: Ball 2-0: Ball 3-0: Called Strike 3-1: Called Strike 3-2: Foul Ball, location: 2F 3-2: Strikes out swinging
|
Batting: LHB Willis Baker
|
0-0: Called Strike 0-1: SINGLE (Groundball, 34S) Jim Unknown to third
|
Batting: RHB John Townsend
|
0-0: Called Strike 0-1: Foul Ball, location: 2F 0-2: Foul Ball, location: 2F 0-2: Ball 1-2: Fly out, F9 (Flyball, 89M)
|
Top of the 7th over - 2 run(s), 3 hit(s), 0 error(s), 2 left on base; Sun Prairie 7 - Asheville 4 |
BOTTOM OF THE 7TH |
Asheville Highlanders batting - Pitching for Sun Prairie Swallows : RHP Horacio Pérez
|
Now at 2B: Joel Frazier
|
|
Now at 3B: Dan Hart
|
|
Batting: LHB António Ramos
|
0-0: Called Strike 0-1: Ball 1-1: Swinging Strike 1-2: Strikes out swinging
|
Batting: RHB Claudio Torres
|
0-0: Swinging Strike 0-1: Ball 1-1: Foul Ball, location: 2F 1-2: Foul Ball, location: 2F 1-2: Foul Ball, location: 2F 1-2: Ball 2-2: Ground out 4-3 (Groundball, 4M)
|
Batting: RHB Paco Vásquez
|
0-0: Called Strike 0-1: Ground out 6-3 (Groundball, 6)
|
Bottom of the 7th over - 0 run(s), 0 hit(s), 0 error(s), 0 left on base; Sun Prairie 7 - Asheville 4 |
TOP OF THE 8TH |
Sun Prairie Swallows batting - Pitching for Asheville Highlanders : RHP Octávio Ayaly
|
Batting: RHB Ghislain Vespucci
|
0-0: SINGLE (Groundball, 56D)
|
Batting: RHB Alfonso López
|
0-0: Reached on error, E1 (Groundball, 15) Ghislain Vespucci to third
|
Batting: RHB Reece White
|
0-0: Ball 1-0: Ball 2-0: Called Strike 2-1: Ball 3-1: Swinging Strike 3-2: Base on Balls
|
Batting: RHB Joel Frazier
|
0-0: Fly out, F7 (Flyball, 78M) Runner from 3rd tags up, SCORES, throw made
|
Batting: RHB José Silva
|
0-0: Foul Ball, location: 2F 0-1: Grounds out, U3 (Groundball, 3L) Alfonso López to third
|
Batting: RHB Dan Hart
|
0-0: Called Strike 0-1: Foul Ball, location: 2F 0-2: Ball 1-2: Ball 2-2: Strikes out looking
|
Top of the 8th over - 1 run(s), 1 hit(s), 1 error(s), 2 left on base; Sun Prairie 8 - Asheville 4 |
BOTTOM OF THE 8TH |
Asheville Highlanders batting - Pitching for Sun Prairie Swallows : RHP Horacio Pérez
|
Batting: RHB José Rivera
|
0-0: Ball 1-0: Foul Ball, location: 2F 1-1: Foul Ball, location: 2F 1-2: Ground out 6-3 (Groundball, 6)
|
Batting: SHB Craig Barnes
|
0-0: Ball 1-0: Called Strike 1-1: Called Strike 1-2: Ground out 6-3 (Groundball, 6)
|
Batting: LHB Víctor Robledo
|
0-0: Ground out 4-3 (Groundball, 4)
|
Bottom of the 8th over - 0 run(s), 0 hit(s), 0 error(s), 0 left on base; Sun Prairie 8 - Asheville 4 |
TOP OF THE 9TH |
Sun Prairie Swallows batting - Pitching for Asheville Highlanders : RHP Octávio Ayaly
|
Batting: RHB Luis Hernández
|
0-0: Swinging Strike 0-1: Ball 1-1: DOUBLE (Line Drive, 8RM)
|
Batting: LHB Willis Baker
|
0-0: Intentional Walk
|
Pitching: RHP Gus Gamble
|
|
Batting: RHB John Townsend
|
0-0: Called Strike 0-1: Ball 1-1: Ball 2-1: Ball 3-1: SINGLE (Groundball, 56D) Luis Hernández to third Willis Baker to second Runner from 3rd tries for Home, SAFE, throw made home
|
Batting: RHB Ghislain Vespucci
|
0-0: Ball 1-0: Bunted foul 1-1: Ball 2-1: Bunt missed! 2-2: Foul Ball, location: 2F 2-2: Foul Ball, location: 2F 2-2: SINGLE (Line Drive, 89M) Willis Baker to third John Townsend to second
|
Batting: RHB Alfonso López
|
0-0: Called Strike 0-1: Fly out, F8 (Flyball, 8RM)
|
Batting: RHB Reece White
|
0-0: Ball 1-0: Fly out, F4 (Line Drive, 4M) 1-0: Lined into DP, U4 (Line Drive, 4M)
|
Top of the 9th over - 1 run(s), 3 hit(s), 0 error(s), 2 left on base; Sun Prairie 9 - Asheville 4 |
BOTTOM OF THE 9TH |
Asheville Highlanders batting - Pitching for Sun Prairie Swallows : RHP Horacio Pérez
|
Batting: RHB Bryce Bancroft
|
0-0: Called Strike 0-1: Foul Ball, location: 2F 0-2: Strikes out looking
|
Batting: RHB Víctor López
|
0-0: Ball 1-0: Ball 2-0: Called Strike 2-1: Called Strike 2-2: Foul Ball, location: 2F 2-2: Fly out, F2 (Popup, 23F)
|
Pitching: RHP Abel Blok
|
|
Batting: RHB Corey Vaughn
|
0-0: Swinging Strike 0-1: Ball 1-1: Called Strike 1-2: Ball 2-2: Fly out, F9 (Flyball, 9M)
|
Bottom of the 9th over - 0 run(s), 0 hit(s), 0 error(s), 0 left on base; Sun Prairie 9 - Asheville 4 |
|